cohdb
Replays
Latest Replays
All Replays
Popular Replays
Top Player Replays
Match Explorer
How It Works
Community
CoH3 Stats
Reddit
Sign in to upload your games and track your stats! →
Sign in with Steam
Match 45266222
Unlisted
Match 45266222
Overview
Messages
Build Orders
End
Selects Airborne Battlegroup
Selects Pathfinders
Pathfinder Squad
Construct Weapon Support Center
M1919 Machine Gun Team
M1919 Machine Gun Team
Engineer Squad
Mechanized Support Center
Construct Barracks
Selects Paratrooper Squad Paradrop
Paratrooper Squad Paradrop
Construct Motor Pool
M8 Greyhound Armored Car
Construct Medical Station
Selects Anti-tank Gun Team Paradrop
Anti-tank Gun Team Paradrop
Paratrooper Squad Paradrop
Designate Forward Repair Station
Construct Tank Depot
M4A1 Sherman Medium Tank
Anti-tank Gun Team Paradrop
thugga
Mael Radec
0
0
Comments
sign in to comment!
No comments posted yet!